 Dungeon Crawl Stone Soup version 0.32-a0-360-gcd93b57ba1 (webtiles) character file.

Game seed: 6625351086515812549

45029 Jib19100 the Impaler (level 13, -4/124 HPs)
             Began as a Minotaur Berserker on Feb 18, 2024.
             Was a High Priest of Trog.
             Slain by a black mamba (6 damage)
             ... led by a naga ritualist
             ... on level 2 of the Snake Pit on Feb 19, 2024.
             The game lasted 02:08:10 (14730 turns).

Jib19100 the Impaler (Minotaur Berserker)          Turns: 14730, Time: 02:08:10

Health: -4/124     AC: 22    Str: 26    XL:     13   Next: 99%
Magic:  12/12      EV: 18    Int:  4    God:    Trog [*****.]
Gold:   589        SH:  5    Dex: 23    Spells: 12/12 levels left

rFire   . . .        b - +5 halberd (flame)
rCold   + + .        (shield currently unavailable)
rNeg    . . .        S - +6 chain mail of the Valley {+Inv rElec Will- Dex+6}
rPois   .            (helmet restricted)
rElec   +            x - scarf {harm}
rCorr   +            B - +0 pair of gloves "Jiuhicu" {rC+ rCorr Slay+3 SInv}
SInv    +            v - +0 pair of boots
Will    .....        q - amulet of reflection Stlth
                     C - ring of protection from cold
HPRegen 0.40/turn    r - +6 ring of dexterity
MPRegen 0.13/turn

%: harm (+30% outgoing, +20% incoming), reflection
@: mighty, lethally poisoned (-4 -> -14), on berserk cooldown
A: horns 2, retaliatory headbutt, inability to read after injury 1
a: Renounce Religion, Evoke Invisibility, Berserk, Trog's Hand, Brothers in Arms


You were on level 2 of the Snake Pit.
You worshipped Trog.
Trog was extremely pleased with you.
You visited 4 branches of the dungeon, and saw 17 of its levels.

You collected 1900 gold pieces.
You spent 1311 gold pieces at shops.

Inventory:

Hand Weapons
 b - a +5 halberd of flaming (weapon)
 y - a +2 heavy halberd
 K - a +1 sling of freezing
 L - a +1 scimitar of flaming
Missiles
 c - 2 boomerangs
 m - 17 poisoned darts
Armour
 n - the +0 ring mail of Lilacs {Str+3 Dex+2}
   (You found it on level 2 of the Dungeon)

   Str+3:     It affects your strength (+3).
   Dex+2:     It affects your dexterity (+2).
 s - an orb of mayhem
 v - a +0 pair of boots (worn)
 x - a scarf of harm (worn)
 z - a +4 chain mail of willpower
 B - the +0 pair of gloves "Jiuhicu" (worn) {rC+ rCorr Slay+3 SInv}
   (You bought it in a shop on level 2 of the Orcish Mines)

   Slay+3:    It affects your accuracy & damage with ranged weapons and melee
   (+3).
   rC+:       It protects you from cold.
   SInv:      It lets you see invisible.
   rCorr:     It protects you from acid and corrosion.
 F - an orb of mayhem
 G - a scarf of invisibility
 M - +0 swamp dragon scales
 O - a +0 kite shield
 S - the +6 chain mail of the Valley (worn) {+Inv rElec Will- Dex+6}
   (You bought it in a shop on level 5 of the Dungeon)

   Dex+6:     It affects your dexterity (+6).
   rElec:     It insulates you from electricity.
   Will-:     It decreases your willpower.
   +Inv:      It lets you turn invisible.
Jewellery
 a - an amulet of regeneration
 g - a ring of protection from cold
 q - an amulet of reflection (around neck)
 r - a +6 ring of dexterity (right hand)
 C - a ring of protection from cold (left hand)
 D - a ring of resist corrosion
Talismans
 T - a serpent talisman
Wands
 i - a wand of iceblast (7) (quivered)
 u - a wand of digging (2)
Scrolls
 d - a scroll of torment
 f - 4 scrolls of poison
 j - 4 scrolls of noise
 k - 4 scrolls of immolation {unknown}
 l - 2 scrolls of enchant armour
 o - 5 scrolls of vulnerability
 t - a scroll of summoning {unknown}
 E - 4 scrolls of amnesia {unknown}
 H - a scroll of fear {unknown}
 I - a scroll of teleportation {unknown}
 N - 2 scrolls of identify
Potions
 e - a potion of haste {unknown}
 p - 2 potions of magic {unknown}
 w - 2 potions of degeneration
 A - 3 potions of mutation {unknown}
 J - 2 potions of attraction {unknown}
 P - a potion of experience {unknown}
 R - a potion of enlightenment {unknown}
Miscellaneous
 U - a sack of spiders


   Skills:
 * Level 14.1 Fighting
 - Level 4.9(12.3) Axes
 * Level 17.2(17.5) Polearms
 - Level 1.0 Throwing
 + Level 13.5 Armour
 + Level 12.5 Dodging


You had 12 spell levels left.
You didn't know any spells.
Your spell library contained the following spells:

 Spells                   Type           Power      Damage    Failure   Level
 Freeze                   Ice            0%         1d3       88%         1
 Slow                     Hex            0%         N/A       88%         1
 Ensorcelled Hibernation  Hex/Ice        0%         N/A       96%         2
 Jinxbite                 Hex            0%         N/A       96%         2
 Static Discharge         Conj/Air       0%         3-3/arc   96%         2
 Confusing Touch          Hex            0%         N/A       99%         3
 Passwall                 Erth           0%         N/A       99%         3
 Sigil of Binding         Hex            0%         N/A       99%         3
 Swiftness                Air            0%         N/A       99%         3
 Vampiric Draining        Necr           0%         2d6       99%         3
 Volatile Blastmotes      Fire/Tloc      0%         2d10      99%         3
 Airstrike                Air            0%         2d(0-16)  100%        4
 Fulminant Prism          Conj/Alch      0%         3d5       100%        4
 Iskenderun's Mystic Bla  Conj/Tloc      0%         2d3       100%        4
 Summon Lightning Spire   Summ/Air       0%         N/A       100%        4
 Yara's Violent Unravell  Hex/Alch       0%         3d3       100%        5
 Enfeeble                 Hex            0%         N/A       100%        7


Dungeon Overview and Level Annotations

Branches:
Dungeon (11/15)            Temple (0/1) D:7            Lair (2/5) D:10
  Snake (2/4) Lair:2          Orc (2/2) D:11            Elf (0/3) Orc:2
  Swamp: Lair:2-3    Shoals: Lair:2-3

Altars:
Ashenzari
Cheibriados
Elyvilon
Fedhas
Hepliaklqana
Kikubaaqudgha
Nemelex Xobeh
Qazlal
Ru
Yredelemnul

Shops:
D:5 [   D:6 *   D:7 :   Orc:2 *([:

Annotations:
Snake:2 Vashnia


Innate Abilities, Weirdness & Mutations

You have a pair of horns on your head.
You reflexively headbutt those who attack you in melee.
You occasionally lose the ability to read scrolls when taking damage.


Message History

a +0 quarterstaff; a +0 robe You feel sick.
The naga ritualist utters an invocation to its god.
The naga ritualist begins to radiate toxic energy.
You are more poisoned.
You see here a +0 halberd.
You feel yourself speed up.
You feel very sick.
You feel sick.
You are too injured to fight recklessly!
You feel sick.
You feel sick.
You are more poisoned.
The naga ritualist spits poison at you. The splash of poison hits you!
You are more poisoned.
* * * LOW HITPOINT WARNING * * *
You are too injured to fight recklessly!
You are too injured to fight recklessly!
You feel mightier all of a sudden.
You feel very sick.
* * * LOW HITPOINT WARNING * * *
You are more poisoned.
You feel very sick.
* * * LOW HITPOINT WARNING * * *
You are more poisoned.
The naga ritualist's toxic aura wanes.
The black mamba bites you!
* * * LOW HITPOINT WARNING * * *
You block the black mamba's attack.
There is a lethal amount of poison in your body!
* * * LOW HITPOINT WARNING * * *
You feel very sick. The black mamba closely misses you.
You furiously retaliate!
You headbutt the black mamba!
The black mamba bites you but does no damage.
You begin transforming.
You continue transforming.
* * * LOW HITPOINT WARNING * * *
You feel very sick. The black mamba bites you.
You die...

#.## .# ..# #.#
#.##..## #....
.###. ###..#
#....
#..###...<##...#
#.....N)))#...#
....#.)###SN.# .
#.. #@..#.#
...#.###.....#
...........###
........###.#..#
....... .#..#
....... ..###
... .#. .. #.. .
. #


You could see a naga ritualist (catching breath) and a black mamba.

Vanquished Creatures
  A nagaraja (Snake:1)
  An orc warlord (Orc:1)
  Erolcha (D:10)
  An anaconda (Snake:2)
  4 death yaks (Lair:1)
  2 two-headed ogres
  3 orc high priests (Orc:2)
  A salamander mystic (Snake:2)
  A naga ritualist (Snake:2)
  2 mana vipers
  The ghost of Sphara the Trooper, a novice MDMo of Okawaru (D:7)
  4 orc sorcerers (Orc:2)
  6 orc knights
  A salamander (Snake:1)
  5 elephants
  2 naga magi (Snake:2)
  10 black mambas
  6 kobold blastminers
  Maggie (D:10)
  Joseph (D:10)
  An unseen horror (D:11)
  13 cane toads
  A kobold demonologist (D:11)
  A rime drake (Lair:2)
  6 komodo dragons
  Grinder (D:6)
  4 trolls
  Prince Ribbit (D:6)
  A hornet (D:7)
  5 blink frogs (Lair:2)
  Sigmund (D:3)
  A vampire (D:11)
  3 wyverns
  A shadow (D:11)
  2 basilisks (D:10)
  24 yaks
  Grum (D:9)
  A warg (Orc:1)
  8 nagas
  Edmund (D:4)
  4 water moccasins
  An ice beast (D:7)
  16 orc warriors
  A sky beast (D:7)
  A black bear (Lair:1)
  9 wolves
  4 ogres
  5 centaurs (D:11)
  2 kobold brigands (D:8)
  6 bullfrogs
  4 gnoll sergeants
  A scorpion (D:4)
  8 killer bees
  2 electric eels (Lair:1)
  4 howler monkeys
  2 jellies (D:7)
  2 hounds (D:5)
  2 gnoll boudas
  14 orc priests
  A sleepcap (D:7)
  3 iguanas
  31 orc wizards
  Terence (D:3)
  8 hell rats
  25 gnolls
  3 adders
  2 shadow imps
  A white imp (D:5)
  2 ufetubi (D:6)
  3 dart slugs
  2 ribbon worms
  53 orcs
  5 bats
  8 endoplasms
  A giant cockroach (D:4)
  8 goblins
  4 hobgoblins
  5 jackals
  4 quokkas
  10 ball pythons
  5 frilled lizards
  14 kobolds
  7 rats
425 creatures vanquished.

Vanquished Creatures (others)
  A sky beast (D:8)
  An orc (Orc:1)
2 creatures vanquished.

Grand Total: 427 creatures vanquished

Notes
Turn   | Place    | Note
-------+----------+-------------------------------------------
     0 | D:1      | Jib19100 the Minotaur Berserker began the quest for the
                  | Orb.
     0 | D:1      | Reached XP level 1. HP: 19/19 MP: 0/0
    78 | D:1      | Found a faded altar of an unknown god.
    87 | D:1      | Got Plato's Incunable of Congelation
   189 | D:1      | Reached XP level 2. HP: 27/27 MP: 1/1
   471 | D:1      | Reached XP level 3. HP: 32/33 MP: 2/2
   956 | D:2      | Reached ** piety under Trog
  1191 | D:2      | Reached XP level 4. HP: 31/40 MP: 3/3
  1251 | D:2      | Identified the +0 ring mail of Lilacs {Str+3 Dex+2}
  1496 | D:3      | Found a broken altar of Ashenzari.
  1496 | D:3      | Found a basalt altar of Yredelemnul.
  1626 | D:3      | Noticed Sigmund
  1627 | D:3      | Identified a scroll of acquirement
  1630 | D:3      | Acquired a +3 halberd of flaming
  1740 | D:3      | Killed Sigmund
  1741 | D:3      | Reached skill level 2 in Polearms
  1741 | D:3      | Reached XP level 5. HP: 47/47 MP: 4/4
  1741 | D:3      | Reached XP level 6. HP: 55/55 MP: 5/5
  1813 | D:3      | Noticed Terence
  1820 | D:3      | Killed Terence
  2110 | D:3      | Reached skill level 5 in Fighting
  2110 | D:3      | Reached skill level 3 in Polearms
  2438 | D:4      | Reached *** piety under Trog
  2551 | D:4      | Found an ancient bone altar of Kikubaaqudgha.
  2552 | D:4      | Found a sparkling altar of Nemelex Xobeh.
  2665 | D:4      | Reached skill level 4 in Polearms
  2800 | D:4      | Noticed Edmund
  2812 | D:4      | Killed Edmund
  2813 | D:4      | Reached XP level 7. HP: 44/61 MP: 6/6
  2881 | D:5      | Entered Level 5 of the Dungeon
  2968 | D:5      | Found Weips's Armour Emporium.
  2971 | D:5      | Found Yfreikhir's Armour Shop.
  2983 | D:5      | Bought a scarf of harm for 135 gold pieces
  3133 | D:5      | Reached skill level 5 in Armour
  3135 | D:5      | Reached skill level 5 in Polearms
  3367 | D:5      | Found a white marble altar of Elyvilon.
  3367 | D:5      | Found a hazy altar of Hepliaklqana.
  3609 | D:6      | Noticed Grinder
  3619 | D:6      | Reached XP level 8. HP: 57/70 MP: 7/7
  3621 | D:6      | Reached skill level 5 in Dodging
  3622 | D:6      | Paralysed by Grinder for 2 turns
  3625 | D:6      | Noticed Prince Ribbit
  3631 | D:6      | Killed Prince Ribbit
  3632 | D:6      | Reached skill level 6 in Polearms
  3639 | D:6      | Killed Grinder
  3640 | D:6      | Reached skill level 7 in Polearms
  3853 | D:6      | Found Wucaq's Fire Supplies.
  4268 | D:7      | Found Qaleoz's Tremendous Tomes.
  4306 | D:7      | Reached skill level 8 in Polearms
  4317 | D:7      | Reached **** piety under Trog
  4318 | D:7      | Reached XP level 9. HP: 50/79 MP: 8/8
  4540 | D:7      | Found a staircase to the Ecumenical Temple.
  4596 | D:7      | Found a large runed translucent door.
  4596 | D:7      | Found a large runed translucent door.
  4598 | D:7      | Noticed Sphara's ghost (novice MDMo)
  4623 | D:7      | Found a snail-covered altar of Cheibriados.
  5136 | D:7      | Killed Sphara's ghost
  5137 | D:7      | Reached skill level 9 in Polearms
  5533 | D:8      | Reached skill level 10 in Polearms
  5766 | D:8      | Reached XP level 10. HP: 90/90 MP: 9/9
  6209 | D:9      | Found a blossoming altar of Fedhas.
  6213 | D:9      | Reached skill level 11 in Polearms
  6268 | D:9      | Reached ***** piety under Trog
  6417 | D:9      | Noticed Grum
  6424 | D:9      | Killed Grum
  6726 | D:10     | Entered Level 10 of the Dungeon
  6732 | D:10     | Noticed Joseph
  6739 | D:10     | Killed Joseph
  6740 | D:10     | Reached skill level 12 in Polearms
  6829 | D:10     | Found a staircase to the Lair.
  6829 | D:10     | Noticed an elephant
  6842 | D:10     | Killed an elephant
  6885 | D:10     | Reached XP level 11. HP: 99/99 MP: 10/10
  6895 | D:10     | Noticed Erolcha
  6902 | D:10     | Killed Erolcha
  6903 | D:10     | Reached skill level 10 in Fighting
  6929 | D:10     | Noticed Maggie
  6938 | D:10     | Killed Maggie
  7124 | D:10     | Noticed a two-headed ogre
  7127 | D:10     | Killed a two-headed ogre
  7452 | D:10     | Found a sacrificial altar of Ru.
  7904 | Lair:1   | Entered Level 1 of the Lair of Beasts
  8340 | D:11     | Reached skill level 13 in Polearms
  8340 | D:11     | Reached skill level 10 in Armour
  8407 | D:11     | Found a stormy altar of Qazlal.
  8432 | D:11     | Noticed a two-headed ogre
  8444 | D:11     | Killed a two-headed ogre
  8513 | D:11     | Found a staircase to the Orcish Mines.
  8601 | D:11     | Gained mutation: You occasionally lose the ability to read
                  | scrolls when taking damage. [a neqoxec]
  8963 | Orc:1    | Entered Level 1 of the Orcish Mines
  9017 | Orc:2    | Entered Level 2 of the Orcish Mines
  9089 | Orc:2    | Found a staircase to the Elven Halls.
  9259 | Orc:2    | Noticed an orc knight
  9274 | Orc:2    | Killed an orc knight
  9275 | Orc:2    | Reached skill level 14 in Polearms
  9457 | D:5      | Bought the +6 chain mail of the Valley {+Inv rElec Will-
                  | Dex+6} for 958 gold pieces
  9760 | Orc:2    | Noticed an orc sorcerer
  9762 | Orc:2    | Noticed an orc sorcerer
  9762 | Orc:2    | Noticed an orc knight
  9766 | Orc:2    | Killed an orc sorcerer
  9768 | Orc:2    | Noticed an orc high priest
  9774 | Orc:2    | Killed an orc sorcerer
  9775 | Orc:2    | Reached skill level 10 in Dodging
  9775 | Orc:2    | Reached XP level 12. HP: 110/110 MP: 11/11
  9787 | Orc:2    | Noticed an orc high priest
  9788 | Orc:2    | Killed an orc high priest
  9793 | Orc:2    | Killed an orc high priest
  9804 | Orc:2    | Found Memukum's Book Shoppe.
  9821 | Orc:2    | Noticed an orc high priest
  9829 | Orc:2    | Reached skill level 15 in Polearms
  9837 | Orc:2    | Killed an orc high priest
  9896 | Orc:2    | Found Ireost's Antique Armour Boutique.
  9904 | Orc:2    | Bought a pair of encrusted gloves for 218 gold pieces
  9904 | Orc:2    | Identified the +0 pair of gloves "Jiuhicu" {rC+ rCorr
                  | Slay+3 SInv} (You bought it in a shop on level 2 of the
                  | Orcish Mines)
  9936 | Orc:2    | Found Mirol's Weapon Boutique.
  9963 | Orc:2    | Found Ciry's Assorted Antiques.
 10353 | Orc:1    | Received a gift from Trog
 10473 | Orc:1    | Noticed an orc warlord
 10491 | Orc:1    | Killed an orc warlord
 12039 | Lair:1   | Reached skill level 16 in Polearms
 12041 | Lair:1   | Reached XP level 13. HP: 119/119 MP: 12/12
 12651 | Lair:2   | Found a staircase to the Snake Pit.
 13416 | Snake:1  | Entered Level 1 of the Snake Pit
 13939 | Snake:1  | Reached skill level 1 in Throwing
 14223 | Snake:1  | Noticed a nagaraja
 14227 | Snake:1  | Killed a nagaraja
 14384 | Snake:2  | Noticed Vashnia
 14679 | Snake:2  | Reached skill level 17 in Polearms
 14729 | Snake:2  | HP: 6/124 [poisoned by a naga ritualist (toxic radiance)]
 14730 | Snake:2  | HP: 2/124 [poisoned by a naga ritualist (toxic radiance)]
 14730 | Snake:2  | Slain by a black mamba

Illustrated notes

Levels and vault maps discovered:
D:1:      doesnt_arrival_eight_statues, layout_loops_corners,
          shapermc_ecumenical_altar_rom_forum, chequers_serial_rivers_small_b,
          minmay_misc_feat_nine_boxes, nicolae_titane
D:2:      layout_rooms, minmay_unequal
D:3:      layout_rooms, mainiacjoe_overflow_divided_tiny, uniq_terence,
          uniq_sigmund
D:4:      layout_basic, nicolae_overflow_squiral, corexii_shack, uniq_edmund
D:5:      layout_rooms, gammafunk_temple_overflow_pools,
          nicolae_wooded_promenade, hangedman_decor_slide_cut
D:6:      layout_gridville, minmay_fountain_box, nicolae_shop_fire_sale
          [nicolae_sub_dead_trees], uniq_grinder, uniq_prince_ribbit1
D:7:      layout_basic, cheibriados_altar_1, minmay_temple_entry_poolview,
          ebering_ghost_disaster_area, minmay_misc_feat_doors,
          supply_closet_lemuel, nicolae_shop_i_like_big_books,
          minmay_fractal_squares_diagonal_5
D:8:      layout_cave_pods, nicolae_nh_ransacked_shop
D:9:      layout_cave_pools, fedhas_altar_3, hangedman_abyss_or_decor_clamps,
          minmay_misc_feat_roman, uniq_grum
D:10:     layout_basic, mainiacjoe_overflow_tiny_flanked, david_lair_generic,
          uniq_joseph, uniq_erolcha, uniq_maggie
D:11:     layout_cave_pools, nicolae_qazlal_eye_of_the_storm
Lair:1:   layout_loops_ring, nicolae_volcano_entry_two_sided,
          beast_lair_carwin_3, serial_bayou_shore_a, grunt_megastairs_1
Lair:2:   layout_big_grid, minmay_snake_entry_guardpost_small, lemuel_fruit_tree
Snake:1:  layout_honeycomb
Snake:2:  layout_layer_cave, serial_library_hellmonk_statue_hall,
          nicolae_snake_flat_spine, uniq_vashnia
Orc:1:    layout_diamond_mine
Orc:2:    st_orc_elflike, layout_caves

Skill      XL: |  1  2  3  4  5  6  7  8  9 10 11 12 13 |
---------------+----------------------------------------+-----
Axes           | 4 |  4.9
Fighting       | 4 5 6 7 8 9 11 12 14 | 14.1
Armour         | 3 4 5 6 8 9 10 12 13 | 13.5
Dodging        | 3 4 6 7 8 10 11 12 | 12.5
Polearms       | 2 4 5 8 10 12 14 16 17 | 17.2
Throwing       | 1 |  1.0

Action                     |  1- 3 |  4- 6 |  7- 9 | 10-12 | 13-15 || total
---------------------------+-------+-------+-------+-------+-------++-------
  Melee: Hand axe          |    66 |    22 |       |       |       ||    88
         Headbutt          |    10 |    11 |    20 |    59 |    25 ||   125
         Halberd           |       |    62 |   169 |   398 |   176 ||   805
  Throw: Dart              |       |    12 |    41 |    19 |     7 ||    79
 Invoke: Berserk           |       |     1 |       |     6 |     3 ||    10
         Trog's Hand       |       |       |     2 |    10 |     1 ||    13
         Brothers in Arms  |       |       |       |       |     1 ||     1
  Evoke: Wand              |       |       |     1 |    26 |     2 ||    29
    Use: Scroll            |       |     8 |     5 |     3 |       ||    16
         Potion            |       |       |     5 |     4 |     3 ||    12
   Stab: Paralysed         |       |       |       |    17 |       ||    17
         Distracted        |       |       |       |     1 |       ||     1
 Armour: Animal skin       |    21 |       |       |       |       ||    21
         Ring mail         |       |    37 |    62 |   131 |       ||   230
         Chain mail        |       |       |       |    56 |    62 ||   118
  Dodge: Dodged            |    36 |    35 |    75 |   191 |    74 ||   411
  Block: Other             |       |     4 |       |       |    12 ||    16
         Reflection        |       |       |       |       |     1 ||     1
   Form: Serpent           |       |       |       |       |     1 ||     1

Table legend: (Time is in decaauts)
 A = Elapsed time spent in this place.
 B = Non-inter-level travel time spent in this place.
 C = Inter-level travel time spent in this place.
 D = Time resting spent in this place.
 E = Time spent auto-exploring this place.
 F = Levels seen in this place.
 G = Mean time per level.
                   A        B        C        D        E       F      G
               +--------+--------+--------+--------+--------+-----+--------+
         Total |  14748 |  12932 |   1816 |   2231 |   6564 |  17 |  867.5 |
       Dungeon |   9217 |   8077 |   1140 |    949 |   4724 |  11 |  837.9 |
          Lair |   1982 |   1879 |    103 |    374 |   1078 |   2 |  991.0 |
     Snake Pit |   1304 |   1304 |      0 |    540 |    440 |   2 |  652.0 |
  Orcish Mines |   2244 |   1671 |    573 |    367 |    321 |   2 | 1122.0 |
               +--------+--------+--------+--------+--------+-----+--------+

Top non-repeatable levels by time:
    D:10: 1313 daAuts
   Orc:2: 1292 daAuts
 Snake:1: 1233 daAuts
  Lair:1: 1226 daAuts
     D:7: 1091 daAuts
     D:8: 1027 daAuts
   Orc:1: 951 daAuts
     D:1: 896 daAuts
     D:3: 877 daAuts
     D:5: 782 daAuts
     D:6: 782 daAuts
  Lair:2: 755 daAuts
    D:11: 676 daAuts
     D:9: 632 daAuts
     D:4: 631 daAuts
